 Dungeon Crawl Stone Soup version 0.30-a0-793-g160f7cfddd (webtiles) character file.

Game seed: 17701981131994974473

401 pokeman the Magician (level 6, -9/34 HPs)
             Began as a Deep Elf Hedge Wizard on Feb 19, 2023.
             Killed by nerve-wracking pain
             ... invoked by Menkaure
              (11 damage)
             ... on level 5 of the Dungeon.
             The game lasted 00:07:49 (4015 turns).

pokeman the Magician (Deep Elf Hedge Wizard)        Turns: 4015, Time: 00:07:50

Health: -9/34      AC:  5    Str:  7    XL:     6   Next: 54%
Magic:  5/18       EV: 13    Int: 21    God:
Gold:   214        SH:  0    Dex: 14    Spells: 11/19 levels left

rFire   . . .      SeeInvis .    D - +3 falchion (freeze)
rCold   . . .      Faith    .    (no shield)
rNeg    . . .      Spirit   .    b - +0 robe
rPois   .          Reflect  .    c - +0 hat
rElec   .          Harm     .    f - +0 cloak
rCorr   .          Rampage  .    h - +1 pair of gloves
Will    .....                    (no boots)
Stlth   ++                       q - amulet of regeneration
HPRegen 1.05/turn                (no ring)
MPRegen 0.16/turn                (no ring)

@: on blink cooldown
A: no striking features
a: no special abilities


You were on level 5 of the Dungeon.
You visited 1 branch of the dungeon, and saw 5 of its levels.

You collected 214 gold pieces.

Inventory:

Hand Weapons
 D - a +3 falchion of freezing (weapon)
Missiles
 C - 2 throwing nets
Armour
 b - a +0 robe (worn)
 c - a +0 hat (worn)
 f - a +0 cloak (worn)
 h - a +1 pair of gloves (worn)
 o - an orb of energy
Jewellery
 a - a ring of fire
 q - an amulet of regeneration (around neck)
Wands
 r - a wand of charming (7)
 z - a wand of quicksilver (12)
 A - a wand of polymorph (10)
Scrolls
 e - 6 scrolls of identify {unknown}
 i - 4 scrolls of teleportation {unknown}
 j - a scroll of silence {unknown}
 n - a scroll of magic mapping {unknown}
 s - a scroll of noise {unknown}
 u - a scroll of blinking {unknown}
 x - a scroll of vulnerability {unknown}
 y - a scroll of fog {unknown}
 B - a scroll of fear {unknown}
Potions
 d - a potion of magic
 g - a potion of lignification {unknown}
 k - a potion of haste {unknown}
 l - 3 potions of curing {unknown}
 p - 2 potions of might {unknown}
 t - a potion of mutation {unknown}
 v - a potion of berserk rage {unknown}
 w - a potion of resistance {unknown}


   Skills:
 + Level 1.4 Fighting
 - Level 1.0 Armour
 - Level 3.0 Dodging
 - Level 3.0 Stealth
 * Level 7.1 Spellcasting
 + Level 3.3 Conjurations
 + Level 1.7 Summonings
 - Level 1.1 Translocations
 - Level 1.0 Air Magic
 - Level 1.0 Poison Magic
 - Level 1.1 Evocations


You had 11 spell levels left.
You knew the following spells:

 Your Spells              Type           Power      Damage    Failure   Level
a - Magic Dart            Conj           84%        1d7       2%          1
b - Mephitic Cloud        Conj/Pois/Air  15%        N/A       12%         3
c - Call Imp              Summ           15%        N/A       6%          2
d - Blink                 Tloc           24%        N/A       9%          2

Your spell library contained the following spells:

 Spells                   Type           Power      Damage    Failure   Level
 Slow                     Hex            28%        N/A       9%          1
 Cigotuvi's Dreadful Rot  Necr/Pois/Air  20%        N/A       10%         2
 Kindle Blastsparks       Fire/Tloc/Air  20%        2d11      19%         3
 Ignite Poison            Fire/Tmut/Pois 8%         N/A       22%         3
 Freezing Cloud           Conj/Ice/Air   6%         6-21      78%         5


Dungeon Overview and Level Annotations

Branches:
Dungeon (5/15)
 Temple: D:4-7

Altars:
Nemelex Xobeh

Annotations:
D:5 Menkaure


Message History

The jelly hits your crimson imp.
Your crimson imp is splashed with acid!
Your crimson imp seems to be corroded for longer.
Your crimson imp dies!
Your crimson imp disappears in a puff of smoke!
The black bear is engulfed in noxious fumes.
The black bear appears confused.
The black bear is engulfed in noxious fumes.
Items here: )) [[.
The black bear is engulfed in noxious fumes.
The black bear appears confused.
You see here a +1 whip of flaming.
You barely miss the black bear.
The black bear is lightly wounded.
The black bear bites you but does no damage.
The black bear claws you. x2
Menkaure, Prince of Dust comes into view.
Menkaure points at you and mumbles some strange words.
You struggle to resist.
The black bear bites itself!
The black bear claws itself.
The black bear claws itself but does no damage.
Casting: Mephitic Cloud (quite dangerous; 12% risk of failure)
Confirm with . or Enter, or press ? or * to list all spells.
You blink.
Menkaure hits you!!
Ouch! That really hurt!
The ufetubus barely misses you. The ufetubus hits you.
* * * LOW HITPOINT WARNING * * *
You hit the ufetubus.
The ufetubus is severely wounded.
The ufetubus closely misses you. The ufetubus misses you.
Menkaure casts a spell at you. Pain shoots through your body!
* * * LOW HITPOINT WARNING * * *
The ufetubus hits you but does no damage. x2
You hit Menkaure. You freeze Menkaure.
Menkaure is moderately damaged.
The ufetubus closely misses you. The ufetubus hits you.
* * * LOW HITPOINT WARNING * * *
Menkaure points at you and mumbles some strange words.
Pain shoots through your body!
You die...

#.#######
#...5@M.#
#.#####h#
#.# #h#
#J# #S#
#)# #.#
## #)#
...


You could see a black bear (confused), Menkaure and an ufetubus.

Vanquished Creatures
  A necrophage (D:4)
  2 hounds (D:4)
  An orc priest (D:3)
  An orc wizard (D:5)
  4 gnolls (D:4)
  6 adders
  An ufetubus (D:4)
  A worm (D:3)
  5 dart slugs
  6 orcs
  10 ball pythons
  5 bats
  5 endoplasms
  6 goblins
  5 hobgoblins
  5 jackals (D:3)
  2 quokkas
  A frilled lizard (D:3)
  3 kobolds
  6 rats
76 creatures vanquished.

Vanquished Creatures (collateral kills)
  A howler monkey (D:5)
  2 orcs
3 creatures vanquished.

Grand Total: 79 creatures vanquished

Notes
Turn   | Place    | Note
-------+----------+-------------------------------------------
     0 | D:1      | pokeman the Deep Elf Hedge Wizard began the quest for the
                  | Orb.
     0 | D:1      | Reached XP level 1. HP: 10/10 MP: 7/7
   180 | D:1      | Reached XP level 2. HP: 15/15 MP: 5/9
   703 | D:1      | Reached skill level 5 in Spellcasting
   938 | D:1      | Reached XP level 3. HP: 20/20 MP: 8/11
   942 | D:1      | Learned a level 3 spell: Mephitic Cloud
   945 | D:1      | Learned a level 2 spell: Call Imp
   948 | D:1      | Learned a level 2 spell: Blink
  1177 | D:2      | Reached skill level 1 in Fighting
  1456 | D:2      | Reached skill level 1 in Armour
  2101 | D:3      | Reached XP level 4. HP: 25/25 MP: 7/13
  2988 | D:3      | Reached skill level 6 in Spellcasting
  2988 | D:3      | Reached XP level 5. HP: 29/29 MP: 4/15
  3085 | D:3      | Found a sparkling altar of Nemelex Xobeh.
  3260 | D:3      | Found a faded altar of an unknown god.
  3260 | D:3      | Noticed a Tzitzimitl
  3303 | D:4      | Reached skill level 1 in Evocations
  3690 | D:4      | Reached skill level 1 in Air Magic
  3702 | D:4      | Reached skill level 1 in Poison Magic
  3705 | D:4      | Reached XP level 6. HP: 34/34 MP: 9/17
  3944 | D:4      | You fall into a shaft and drop 1 floor!
  3944 | D:5      | Entered Level 5 of the Dungeon
  3952 | D:5      | Noticed a water moccasin
  3967 | D:5      | Reached skill level 7 in Spellcasting
  4010 | D:5      | Noticed Menkaure
  4015 | D:5      | Killed from afar by Menkaure

Illustrated notes

Levels and vault maps discovered:
D:1:      sevenhm_arrival_forest_fort_large_4, layout_rooms,
          minmay_misc_feat_iff, minmay_misc_feat_more_columns
D:2:      layout_loops_ring
D:3:      layout_basic, nemelex_spade_bored_becter,
          dreamdust_ecumenical_altar_sealed_demon, minmay_between
D:4:      layout_basic
D:5:      layout_basic, grunt_temple_overflow_forces_of_nature,
          okawaru_metal_pillars_1_2, trog_ov_bears_minmay,
          minmay_temple_entry_offerings, uniq_menkaure

Skill      XL: |  1  2  3  4  5  6 |
---------------+-------------------+-----
Spellcasting   | 5 6 7 |  7.1
Fighting       | 1 |  1.4
Armour         | 1 |  1.0
Conjurations   | 2 3 |  3.3
Stealth        | 3 |  3.0
Dodging        | 3 |  3.0
Evocations     | 1 |  1.1
Air Magic      | 1 |  1.0
Poison Magic   | 1 |  1.0
Summonings     | |  1.7
Translocations | |  1.1

Action                     |  1- 3 |  4- 6 || total
---------------------------+-------+-------++-------
  Melee: Dagger            |     6 |       ||     6
         Whip              |     6 |    23 ||    29
         Falchion          |       |     3 ||     3
   Cast: Magic Dart        |   104 |   101 ||   205
         Call Imp          |     1 |     4 ||     5
         Mephitic Cloud    |       |     6 ||     6
         Blink             |       |     1 ||     1
   Stab: Sleeping          |     1 |       ||     1
         Confused          |       |     4 ||     4
 Armour: Robe              |     5 |     8 ||    13
  Dodge: Dodged            |    13 |    32 ||    45

Table legend: (Time is in decaauts)
 A = Elapsed time spent in this place.
 B = Non-inter-level travel time spent in this place.
 C = Inter-level travel time spent in this place.
 D = Time resting spent in this place.
 E = Time spent auto-exploring this place.
 F = Levels seen in this place.
 G = Mean time per level.
                   A        B        C        D        E       F      G
               +--------+--------+--------+--------+--------+-----+--------+
         Total |   4016 |   3934 |     82 |     25 |   3379 |   5 |  803.2 |
       Dungeon |   4016 |   3934 |     82 |     25 |   3379 |   5 |  803.2 |
               +--------+--------+--------+--------+--------+-----+--------+

Top non-repeatable levels by time:
     D:3: 1449 daAuts
     D:1: 1054 daAuts
     D:2: 777 daAuts
     D:4: 664 daAuts
     D:5: 71 daAuts
